 Dungeon Crawl Stone Soup version 0.29-a0-998-g1987434951 (webtiles) character file.

Game seed: 9751485736178034547

23 spiderkeys the Sneak (level 2, -6/19 HPs)
             Began as an Octopode Brigand on Aug 6, 2022.
             Mangled by an orc
             ... wielding a +0 flail
              (7 damage)
             ... on level 2 of the Dungeon.
             The game lasted 00:01:03 (675 turns).

spiderkeys the Sneak (Octopode Brigand)              Turns: 675, Time: 00:01:03

Health: -6/19      AC:  1    Str: 10    XL:     2   Next: 95%
Magic:  2/2        EV: 13    Int: 13    God:
Gold:   47         SH:  0    Dex: 13    Spells: 1/1 levels left

rFire   . . .      SeeInvis .   a - +2 dagger
rCold   . . .      Faith    .   (no shield)
rNeg    . . .      Spirit   .   (helmet restricted)
rPois   .          Reflect  .   (no amulet)
rElec   .          Harm     .   (no ring)
rCorr   .          Rampage  .   (no ring)
Will    .....                   (no ring)
Stlth   ++++......              (no ring)
HPRegen 0.06/turn               (no ring)
MPRegen 0.08/turn               (no ring)
                                (no ring)
                                (no ring)

@: no status effects
A: almost no armour, amphibious, 8 rings, camouflage 1, gelatinous body 1,
(nimble swimmer 1), tentacles
a: no special abilities


You were on level 2 of the Dungeon.
You visited 1 branch of the dungeon, and saw 2 of its levels.

You collected 47 gold pieces.


Innate Abilities, Weirdness & Mutations

You cannot wear most types of armour.
You are amphibious.
You can wear up to eight rings at the same time.
Your skin changes colour to match your surroundings (Stealth+).
Your rubbery body absorbs attacks. (AC +1, EV +1)
((You are camouflaged when in or above water. (Stealth+)))
You have tentacles for arms and can constrict up to eight enemies at once.


   Skills:
 + Level 2.3 Fighting
 - Level 2.0(2.1) Short Blades
 + Level 0.8(1.5) Long Blades
 + Level 2.3 Throwing
 + Level 1.4 Dodging
 + Level 5.6 Stealth


You had one spell level left.
You didn't know any spells.
Your spell library was empty.

Inventory:

Hand Weapons
 a - a +2 dagger (weapon)
Missiles
 b - 9 poisoned darts (quivered)
 c - 3 curare-tipped darts {=f}
 h - 5 stones
Scrolls
 d - a scroll of teleportation {unknown}
 e - 2 scrolls of enchant armour {unknown}
 f - a scroll of magic mapping {unknown}
Potions
 g - a potion of might {unknown}
 i - a potion of haste {unknown}
 j - a potion of attraction {unknown}

Dungeon Overview and Level Annotations

Branches:
Dungeon (2/15) Zot: 11328

Altars:

Shops:
D:1

: #.# #......... ##
#.######.######## .#
#.##.....#
.#########.##.###.#
..................#
.#######......###.# .#
##...#.....# .#
##.#####..##### . .#
#.# #@##^8.#..oo .# #.#
#.o....'..oo .# ##+##
####.8.#.... .# ##...##
##### . .# ##.....##
##.# .## ##.......##
##..#
..####.........####...#
.....'.........'......#
..####.........####<..#


You could see an orc.


Message History

Key pressed, stopping explore.
Key pressed, stopping explore.
Key pressed, stopping explore.
You see here a bat skeleton.
Key pressed, stopping explore.
You see here a +0 sling.
A bat comes into view. 😎 HP[+6]
Your hp is fully restored (19).
The helpless bat fails to defend itself.
You impale the bat!!
You kill the bat!
No target in view!
No target in view!
Key pressed, stopping explore.
Key pressed, stopping explore.
A ball python comes into view.
A ball python is nearby!
An endoplasm comes into view.
The endoplasm quivers.
The ball python hisses angrily.
You closely miss the ball python. You grab the ball python.
You squeeze the ball python, but do no damage.
You constrict the ball python.
The ball python bites you but does no damage.
The ball python completely misses you.
You hit the ball python.
You kill the ball python!
The endoplasm closely misses you.
You hit the endoplasm. The endoplasm freezes you.
You are frozen. 😕 HP[-2]
You take 2 damage, and now have 17/19 hp.
You hit the endoplasm. The endoplasm hits you. 😕 HP[-1]
You take 1 damage, and now have 16/19 hp.
You hit the endoplasm. The endoplasm closely misses you.
You hit the endoplasm.
You kill the endoplasm!
No target in view!
No target in view!
Found a stone staircase leading down. 😎 HP[+3]
Your hp is fully restored (19).
Done exploring.
Done exploring.
Done exploring.
No target in view!
There is a stone staircase leading down here.
You climb downwards.
There is a stone staircase leading up here.
You open the door.
There is an open door here.
You now have 36 gold pieces (gained 6).
As you open the door, it creaks loudly!
There is an open door here.
A goblin comes into view. It is wielding a +0 dagger.
The goblin shouts!
The goblin unwields a +0 dagger.
The goblin wields a +0 sling.
The goblin shoots a sling bullet.
The sling bullet closely misses you.
A goblin is nearby!
The goblin shoots a sling bullet.
The sling bullet misses you.
The goblin shoots a sling bullet.
The sling bullet misses you.
You completely miss the goblin. You grab the goblin.
You tentacle-slap the goblin. You squeeze the goblin.
You kill the goblin!
No target in view!
No target in view!
No target in view!
No target in view!
You now have 47 gold pieces (gained 11).
Things that are here:
a +0 sling; a +0 dagger; a goblin corpse
i - a silvery potion
Things that are here:
a +0 sling; a +0 dagger; a goblin corpse
j - an orange potion An orc comes into view.
It is wielding a +0 flail.
There is a broken door here.
An orc wizard and 2 orcs come into view.
An orc is wielding a +0 falchion and wearing a +1 ring mail of fire resistance.
The orc shouts!
The orc wizard shouts!
The orc wizard gestures at you while chanting.
The magic dart hits you!
Ouch! That really hurt!
* * * LOW HITPOINT WARNING * * *
An orc comes into view.
It is wielding a +0 short sword. 😨 HP[-10]
You take 10 damage, and now have 9/19 hp.
MASSIVE DAMAGE!! (PAUSE)
The orc attacks as you move away! The orc hits you with a +0 flail!
* * * LOW HITPOINT WARNING * * *
😱 HP[-8]
You take 8 damage, and now have 1/19 hp.
MASSIVE DAMAGE!! (PAUSE)
The orc attacks as you move away! The orc closely misses you.
There is a broken door here.
The orc attacks as you move away! The orc hits you with a +0 flail!
You die...

Action                   || total
-------------------------++-------
Melee: Dagger            ||    32
       Tentacles         ||     3
       Constrict         ||     5
       Punch             ||     1
 Stab: Sleeping          ||    13
Armor: Skin              ||     6
Dodge: Dodged            ||    18

Levels and vault maps discovered:
D:1:      erik_arrival_blinker_ship, layout_rooms, serial_shops, shop
D:2:      layout_loops_corners, shapermc_ecumenical_altar_mp_highgroup,
          basic_altar, dk_vineyard_3, pf_guarded_unrand_delatra, uniq_robin

Notes
Turn   | Place    | Note
-------+----------+-------------------------------------------
     0 | D:1      | spiderkeys the Octopode Brigand began the quest for the
                  | Orb.
     0 | D:1      | Reached XP level 1. HP: 14/14 MP: 1/1
     0 | D:1      | magus.rc [v1.11.3]
    19 | D:1      | Found Kijiu's Book Shop.
   104 | D:1      | Reached XP level 2. HP: 19/19 MP: 2/2
   672 | D:2      | HP: 1/19 [orc/+0 flail (8)]
   675 | D:2      | Mangled by an orc

Vanquished Creatures
  3 endoplasms (D:1)
  A giant cockroach (D:1)
  6 goblins
  A hobgoblin (D:1)
  2 quokkas (D:1)
  A ball python (D:1)
  4 bats (D:1)
  3 rats (D:1)
21 creatures vanquished.

Table legend:
 A = Non-vault XP
 B = Vault XP
 C = Vault XP percentage of total XP
 D = Non-vault monster count
 E = Vault monster count
 F = Vault count percentage of total count
                 A         B        C        D         E       F
            +---------+---------+-------+---------+---------+-------
      Total |      33 |       0 |   0.0 |      21 |       0 |   0.0
            +---------+---------+-------+---------+---------+-------
        D:1 |      32 |       0 |   0.0 |      20 |       0 |   0.0
        D:2 |       1 |       0 |   0.0 |       1 |       0 |   0.0
            +---------+---------+-------+---------+---------+-------

Illustrated notes

Table legend:
 A = Kills in this place as a percentage of kills in entire the game.
 B = Kills by you in this place as a percentage of kills by you in the entire game.
 C = Kills by friends in this place as a percentage of kills by friends in the entire game.
 D = Other kills in this place as a percentage of other kills in the entire game.
 E = Experience gained in this place as a percentage of experience gained in the entire game.
 F = Experience gained in this place divided by the number of levels of this place that you have seen.
                   A       B       C       D       E      F
               +-------+-------+-------+-------+-------+----------------------
         Total | 100.0 | 100.0 |   N/A |   N/A | 100.0 |  16.5
       Dungeon | 100.0 | 100.0 |   N/A |   N/A | 100.0 |  16.5
               +-------+-------+-------+-------+-------+----------------------

Table legend: (Time is in decaauts)
 A = Elapsed time spent in this place.
 B = Non-inter-level travel time spent in this place.
 C = Inter-level travel time spent in this place.
 D = Time resting spent in this place.
 E = Time spent auto-exploring this place.
 F = Levels seen in this place.
 G = Mean time per level.
                   A        B        C        D        E       F      G
               +--------+--------+--------+--------+--------+-----+--------+
         Total |    671 |    665 |      6 |      0 |    519 |   2 |  335.5 |
       Dungeon |    671 |    665 |      6 |      0 |    519 |   2 |  335.5 |
               +--------+--------+--------+--------+--------+-----+--------+

Top non-repeatable levels by time:
     D:1: 563 daAuts
     D:2: 107 daAuts
